 Dungeon Crawl Stone Soup version 0.28.0-47-ge53b351184 (webtiles) character file.

Game seed: 7495294324205758472

2 CryoSword the Conjurer (level 1, -2/13 HPs)
             Began as a Mummy Conjurer on Apr 28, 2022.
             Slain by a jackal (3 damage)
             ... on level 1 of the Dungeon.
             The game lasted 00:00:22 (60 turns).

CryoSword the Conjurer (Mummy Conjurer)               Turns: 60, Time: 00:00:23

Health: -2/13      AC:  2    Str: 10    XL:     1   Next: 25%
Magic:  1/4        EV: 11    Int: 17    God:
Gold:   6          SH:  0    Dex: 10    Spells: 4/5 levels left

rFire   x . .      SeeInvis .   (no weapon)
rCold   + . .      Faith    .   (no shield)
rNeg    + + +      Spirit   .   a - +0 robe
rPois   ∞          Reflect  .   (no helmet)
rElec   .          Harm     .   (no cloak)
rCorr   .          Rampage  .   (no gloves)
Will    .....                   (no boots)
Stlth   ++........              (no amulet)
HPRegen 0.04/turn               (no ring)
MPRegen 0.09/turn               (no ring)

@: no status effects
A: cold resistance 1, negative energy resistance 3, torment resistance 2, heat
vulnerability 1, no potions
a: no special abilities


You were on level 1 of the Dungeon.
You visited 1 branch of the dungeon, and saw 1 of its levels.

You collected 6 gold pieces.

Inventory:

Armour
 a - a +0 robe (worn)
Scrolls
 b - a scroll of blinking {unknown}


   Skills:
 - Level 1.5 Dodging
 - Level 1.5 Stealth
 * Level 2.8 Spellcasting
 + Level 3.3 Conjurations


You had 4 spell levels left.
You knew the following spells:

 Your Spells              Type           Power      Damage    Failure   Level
a - Magic Dart            Conj           52%        1d5       4%          1

Your spell library contained the following spells:

 Spells                   Type           Power      Damage    Failure   Level
 Searing Ray              Conj           26%        2d5       7%          2
 Freeze                   Ice            8%         1d3       19%         1
 Dazzling Flash           Conj/Hex       16%        N/A       26%         3
 Frozen Ramparts          Ice            4%         1d2       47%         3
 Fulminant Prism          Conj/Hex       4%         3d6       65%         4
 Hailstorm                Conj/Ice       8%         3d4       65%         4
 Iskenderun's Mystic Bla  Conj/Tloc      8%         2d4       65%         4


Dungeon Overview and Level Annotations

Branches:
Dungeon (1/15)

Altars:


Innate Abilities, Weirdness & Mutations

You are immune to poison.
Your flesh is cold resistant. (rC+)
You are immune to negative energy. (rN+++)
You are immune to unholy pain and torment.
You are vulnerable to heat. (rF-)
You do not drink.


Message History

Welcome, CryoSword the Mummy Conjurer.
Will you be the one to retrieve the wondrous Orb of Zot from the depths?
Found a mace.
Found a staircase leading out of the dungeon.
A ball python and a dart slug come into view.
Found a silvery potion.
Found a faded altar of an unknown god.
There are monsters nearby!
There are monsters nearby!
A rat comes into view.
Found 6 gold pieces and a scroll labelled ZAYNOAD UFOCOS.
The rat closely misses you.
Aim: a rat (100% to hit)
The magic dart hits the rat.
You kill the rat!
You now have 6 gold pieces.
You pick up a book of Frost and begin reading...
You add the spells Freeze, Frozen Ramparts and Hailstorm to your library.
Found a stone staircase leading down.
b - a scroll labelled ZAYNOAD UFOCOS A jackal comes into view.
A jackal is nearby!
A jackal is nearby!
A kobold and a jackal come into view.
Aim: a jackal (asleep, 100% to hit)
The magic dart hits the jackal.
The jackal barks!
The kobold shouts!
The jackal barks!
You hear a bark! x2
A jackal comes into view. x2
Aim: a jackal (lightly wounded, 100% to hit)
The magic dart hits the jackal.
You kill the jackal!
The jackal barks!
A jackal comes into view. x2
Aim: a jackal (100% to hit)
The magic dart hits the jackal.
The jackal barks!
Aim: a jackal (lightly wounded, 100% to hit)
The magic dart hits the jackal.
The jackal barely misses you. The jackal bites you.
An endoplasm comes into view.
The jackal barely misses you.
There is a stone staircase leading down here.
The jackal closely misses you.
You closely miss the jackal. The jackal bites you.
The jackal barely misses you.
You hit the jackal but do no damage. The jackal bites you.
Aim: a jackal (severely wounded, 100% to hit)
The magic dart hits the jackal but does no damage.
The jackal misses you.
You closely miss the jackal. The jackal closely misses you. x2
You closely miss the jackal. The jackal bites you.
* * * LOW HITPOINT WARNING * * *
You closely miss the jackal. The jackal barely misses you.
The jackal bites you but does no damage.
You closely miss the jackal. The jackal closely misses you.
You hit the jackal. The jackal barely misses you.
You barely miss the jackal. The jackal bites you.
* * * LOW HITPOINT WARNING * * *
The jackal bites you.
* * * LOW HITPOINT WARNING * * *
You barely miss the jackal. The jackal bites you.
* * * LOW HITPOINT WARNING * * *
You closely miss the jackal. The jackal closely misses you.
The jackal bites you.
You die...

. #.......##.#K# .w
#.......#.#.## .S.
#...........# .!..
###....#...#.......
#...#......##..##.#####
#......#####hh# .#
##..#..#####Kh# .# #..
##....###h# .# ##
#.....###@# .#
##........#
####.###.###
#######.........
P.............P#
≈P...........P≈#
≈≈P.........P≈≈#
≈≈≈P.......P≈≈≈#
≈≈≈≈P.....P≈≈≈≈#


You could see 4 jackals and a kobold.

Vanquished Creatures
  A jackal (D:1)
  A rat (D:1)
2 creatures vanquished.

Notes
Turn   | Place    | Note
-------+----------+-------------------------------------------
     0 | D:1      | CryoSword the Mummy Conjurer began the quest for the Orb.
     0 | D:1      | Reached XP level 1. HP: 13/13 MP: 4/4
    11 | D:1      | Found a faded altar of an unknown god.
    60 | D:1      | Slain by a jackal

Illustrated notes

Levels and vault maps discovered:
D:1:      eino_arrival_druids_welcome, layout_basic,
          nicolae_ecumenical_snake_handling, minmay_misc_feat_four_crosses,
          minmay_misc_feat_roman

Action                   || total
-------------------------++-------
Melee: Unarmed           ||    10
 Cast: Magic Dart        ||     6
Armor: Robe              ||     1
Dodge: Dodged            ||    12
